 Dungeon Crawl Stone Soup version 0.23-a0-644-gb60d84b (webtiles) character file.

81 Borgoz the Ruffian (level 4, -9/37 HPs)
             Began as a Ghoul Gladiator on Jan 1, 2019.
             Mangled by a gnoll
             ... wielding a +1 flail of holy wrath
              (11 damage)
             ... on level 1 of the Dungeon.
             The game lasted 00:02:24 (1144 turns).

Borgoz the Ruffian (Ghoul Gladiator)                Turns: 1144, Time: 00:02:27

Health: -9/37      AC:  4    Str: 17    XL:     4   Next: 42%
Magic:  3/3        EV: 12    Int:  3    God:
Gold:   93         SH:  0    Dex: 11    Spells: 3/3 levels left

rFire    . . .     SeeInvis .     - Unarmed
rCold    + . .     Gourm    .   (no shield)
rNeg     + + +     Faith    .   a - +0 leather armour
rPois    ∞         Spirit   .   b - +0 helmet
rElec    .         Reflect  .   (no cloak)
rCorr    .         Harm     .   (no gloves)
MR       .....                  (no boots)
Stlth    +.........             (no amulet)
HPRegen  0.00/turn              (no ring)
MPRegen  0.08/turn              (no ring)

@: rotting
A: rotting body, claws 1, carnivore, cold resistance 1, negative energy
resistance 3, inhibited regeneration, torment resistance, unbreathing
a: no special abilities


You were on level 1 of the Dungeon.
You were not hungry.

You visited 1 branch of the dungeon, and saw 2 of its levels.

You collected 93 gold pieces.

Inventory:

Missiles
 c - 3 throwing nets (quivered)
Armour
 a - a +0 leather armour (worn)
 b - a +0 helmet (worn)
 j - a +2 buckler
 k - a +0 scale mail
Jewellery
 g - an uncursed ring of positive energy {unknown}
Scrolls
 e - 3 scrolls of identify {unknown}
 f - 3 scrolls of teleportation {unknown}
Potions
 i - a potion of brilliance {unknown}
Comestibles
 d - 3 rations
 h - 3 chunks of flesh


   Skills:
 + Level 2.9 Fighting
 + Level 1.8 Throwing
 + Level 1.0 Armour
 + Level 3.1 Dodging
 + Level 4.5 Unarmed Combat


You had 3 spell levels left.
You didn't know any spells.
Your spell library was empty.

Dungeon Overview and Level Annotations

Branches:
Dungeon (2/15)

Altars:


Innate Abilities, Weirdness & Mutations

Your body is rotting away.
You thrive on raw meat.
You are immune to poison.
You have sharp fingernails.
You are carnivorous and can eat meat at any time.
Your flesh is cold resistant. (rC+)
You are immune to negative energy. (rN+++)
You do not regenerate when monsters are visible.
You are immune to unholy pain and torment.
You can survive without breathing.


Message History

You completely miss the gnoll. The gnoll closely misses you. x2
The gnoll barely misses you.
The gnoll hits you with a +1 flail of holy wrath.
You convulse.
You climb upwards.
There is a stone staircase leading down here.
You completely miss the gnoll. The gnoll completely misses you.
You closely miss the gnoll. The gnoll hits you but does no damage.
The gnoll misses you.
You closely miss the gnoll. The gnoll misses you. The gnoll closely misses you.
You closely miss the gnoll.
The gnoll hits you with a +1 flail of holy wrath.
You convulse.
The gnoll closely misses you.
You claw the gnoll!
The gnoll is severely wounded.
The gnoll barely misses you.
The gnoll hits you with a +1 flail of holy wrath!
* * * LOW HITPOINT WARNING * * *
You convulse!
You die...

#.............###
#.#########...#
#.# ##### #.# #.#
############# #.#
#............ #.#
#.##########.
######g###.## #.
#...g@......# #.
#.####.###..# #.
#.# #.# #..####
#. #.#
#.###.....######.
#.#
#.##.............
#.#
#.#.......####...
#.# #..........#
#.## #.#
######.###.###.##
#.#
#.............


You could see 2 gnolls.

Vanquished Creatures
  Terence (D:2)
  2 gnolls (D:1)
  An adder (D:2)
  2 oozes
  4 bats
  A giant cockroach (D:1)
  A goblin (D:1)
  3 hobgoblins (D:1)
  A quokka (D:2)
  3 kobolds (D:1)
  3 rats (D:1)
22 creatures vanquished.

Notes
Turn   | Place    | Note
-------+----------+-------------------------------------------
     0 | D:1      | Borgoz the Ghoul Gladiator began the quest for the Orb.
     0 | D:1      | Reached XP level 1. HP: 17/17 MP: 0/0
   222 | D:1      | Reached XP level 2. HP: 25/25 MP: 1/1
   660 | D:2      | Reached XP level 3. HP: 22/30 MP: 2/2
   728 | D:2      | Reached skill level 4 in Unarmed Combat
  1067 | D:2      | Noticed Terence
  1086 | D:2      | Killed Terence
  1086 | D:2      | Reached skill level 1 in Armour
  1086 | D:2      | Reached XP level 4. HP: 24/37 MP: 3/3
  1144 | D:1      | Mangled by a gnoll

Vault maps used:
D:1:      zaba_arrival_water
D:2:      lemuel_round_altar, lemuel_coloured_pillars_altar, uniq_terence

Skill      XL: |  1  2  3 |
---------------+----------+-----
Dodging        | 3 |  3.1
Unarmed Combat | 4 |  4.5
Armour         | 1 |  1.0
Fighting       | |  2.9
Throwing       | |  1.8

Action                   |  1- 3 |  4- 6 || total
-------------------------+-------+-------++-------
Melee: Unarmed           |    77 |    12 ||    89
       Punch             |     1 |       ||     1
  Eat: Chunk             |     9 |     2 ||    11
Armor: Leather armour    |    28 |     1 ||    29
Dodge: Dodged            |    43 |    15 ||    58

Table legend:
 A = Non-vault XP
 B = Vault XP
 C = Vault XP percentage of total XP
 D = Non-vault monster count
 E = Vault monster count
 F = Vault count percentage of total count
                 A         B        C        D         E       F
            +---------+---------+-------+---------+---------+-------
      Total |      81 |      36 |  30.8 |      21 |       1 |   4.5
            +---------+---------+-------+---------+---------+-------
        D:1 |      55 |       0 |   0.0 |      16 |       0 |   0.0
        D:2 |      26 |      36 |  58.1 |       5 |       1 |  16.7
            +---------+---------+-------+---------+---------+-------
